 Dungeon Crawl Stone Soup version bcrawl-1.12-8-g964540c432 (webtiles) character file.

Game seed: 13771689835943655265

37 Arkanax the Sneak (level 3, -3/31 HPs)
             Began as a Ghoul Archaeologist on June 5, 2019.
             Killed by divine providence
             ... invoked by an orc priest
              (12 damage)
             ... on level 2 of the Dungeon.
             The game lasted 00:02:03 (1650 turns).

Arkanax the Sneak (Ghoul Archaeologist)             Turns: 1650, Time: 00:02:03

Health: -3/31      AC: 10    Str: 15    XL:     3   Next: 41%
Magic:  2/2        EV: 11    Int:  9    God:
Gold:   109        SH:  0    Dex:  7    Spells: 2/2 levels left

rFire    . . .     SeeInvis .   i - +0 short sword
rCold    + . .     Gourm    .   (no shield)
rNeg     + + +     Faith    .   h - +0 ring mail
rPois    ∞         Spirit   .   b - +1 hat
rElec    .         Reflect  .   (no cloak)
rCorr    .         Harm     .   d - +1 pair of gloves
MR       .....                  c - +1 pair of boots
Stlth    +.........             (no amulet)
HPRegen  0.00/turn              (no ring)
MPRegen  0.08/turn              (no ring)

@: rotting, studying Short Blades
A: rotting body, claws 1, carnivore, cold resistance 1, negative energy
resistance 3, inhibited regeneration, torment resistance, unbreathing
a: no special abilities


You were on level 2 of the Dungeon.
You were not hungry.

You visited 1 branch of the dungeon, and saw 2 of its levels.

You collected 109 gold pieces.

Inventory:

Hand Weapons
 i - a +0 short sword (weapon)
Armour
 a - a +1 robe
 b - a +1 hat (worn)
 c - a +1 pair of boots (worn)
 d - a +1 pair of gloves (worn)
 h - a +0 ring mail (worn)
Scrolls
 j - 2 scrolls of teleportation {unknown}
 l - a scroll of fear {unknown}
 m - a scroll of noise {unknown}
Potions
 k - 2 potions of heal wounds {unknown}
Books
 e - a manual of Short Blades
Miscellaneous
 f - an ancient crate
Comestibles
 g - 3 chunks of flesh


   Skills:
 - Level 3.3 Fighting
 + Level 1.2 Short Blades
 - Level 2.6 Dodging
 - Level 3.6 Stealth


You had 2 spell levels left.
You didn't know any spells.
Your spell library was empty.

Dungeon Overview and Level Annotations

Branches:
Dungeon (2/12)

Altars:


Innate Abilities, Weirdness & Mutations

Your body is rotting away.
You thrive on raw meat.
You are immune to poison.
You have sharp fingernails.
You are carnivorous and can eat meat at any time.
Your flesh is cold resistant. (rC+)
You are immune to negative energy. (rN+++)
You do not regenerate when monsters are visible.
You are immune to unholy pain and torment.
You can survive without breathing.


Message History

a +0 flail; a +1 antimagic flail; an orc skeleton
There is a stone staircase leading down here.
You start resting.
Eating one of 4 chunks of flesh.
You eat one of the 4 chunks of flesh.
You feel more resilient.
This raw flesh tastes great!
HP restored.
You climb downwards.
The orc priest invokes the aid of Beogh against you.
Beogh smites you!
There is a stone staircase leading up here.
The orc priest mumbles some strange prayers to Beogh against you.
Beogh smites you!
* * * LOW HITPOINT WARNING * * *
You are too injured to fight recklessly!
You are too injured to fight recklessly!
You are too injured to fight recklessly!
There is a stone staircase leading up here.
The orc priest mumbles some strange prayers to Beogh against you.
Beogh smites you!
You die...

.# .# .# .#
###.# ...#
#..# #@.#
#..# #..#
#.># #..##
######o..##
#.........#
##.###.....#
...........#


You could see an orc priest.

Vanquished Creatures
  An adder (D:2)
  4 orcs (D:1)
  A giant cockroach (D:1)
  A goblin (D:1)
  3 hobgoblins (D:1)
  4 jackals (D:1)
  4 bats (D:1)
  2 frilled lizards (D:1)
  2 kobolds (D:1)
  2 rats (D:1)
24 creatures vanquished.

Notes
Turn   | Place    | Note
-------+----------+-------------------------------------------
     0 | D:1      | Arkanax the Ghoul Archaeologist began the quest for the
                  | Orb.
     0 | D:1      | Reached XP level 1. HP: 16/16 MP: 0/0
   309 | D:1      | Reached XP level 2. HP: 23/24 MP: 1/1
  1185 | D:2      | Reached XP level 3. HP: 18/30 MP: 2/2
  1536 | D:1      | Reached skill level 1 in Short Blades
  1650 | D:2      | Killed from afar by an orc priest

Skill      XL: |  1  2  3 |
---------------+----------+-----
Fighting       | 2 3 |  3.3
Short Blades   | 1 |  1.2
Dodging        | |  2.6
Stealth        | |  3.6

Action                   || total
-------------------------++-------
Melee: Short sword       ||   167
       Unarmed           ||     7
 Stab: Sleeping          ||     1
  Eat: Chunk             ||     3
       Ration            ||     1
Armor: Ring mail         ||    99
Dodge: Dodged            ||   123
